 Dungeon Crawl Stone Soup version 0.19-a0-1068-g99dd0f4 (webtiles) character file.

48 Huckle the Magician (level 3, -5/15 HPs)
             Began as a Felid Transmuter on Aug 4, 2016.
             Slain by a kobold
             ... wielding a +0 short sword
              (6 damage)
             ... on level 2 of the Dungeon.
             The game lasted 00:11:37 (2001 turns).

Huckle the Magician (Felid Transmuter)              Turns: 2001, Time: 00:11:38

Health: -5/15      AC:  1    Str:  6    XL:     3   Next: 50%
Magic:  7/8        EV: 17    Int: 15    God:
Gold:   107        SH:  0    Dex: 13    Spells: 2 memorised, 4 levels left
                                        Lives:  0   Deaths: 0

rFire  . . .     SeeInvis +       - Unarmed
rCold  . . .     Gourm    .     (armour unavailable)
rNeg   . . .     Faith    .     (shield unavailable)
rPois  .         Spirit   .     (helmet unavailable)
rElec  .         Dismiss  .     (cloak unavailable)
rCorr  .         Reflect  .     (gloves unavailable)
SustAt .         Harm     .     (boots unavailable)
MR     .....                    (no amulet)
Stlth  +.........               h - -3 ring of dexterity (curse)
                                e - ring of loudness (curse)

@: appendage, quick
A: no armour, no weapons or thrown items, claws 1, fangs 3, horns 2, see
invisible, carnivore 3, speed 1, shaggy fur 1, slow metabolism 1, sharp paws
a: End Transformation


You were on level 2 of the Dungeon.
You were completely stuffed.
You had grown temporary horns.
You visited 1 branch of the dungeon, and saw 3 of its levels.

You collected 107 gold pieces.

Inventory:

Missiles
 a - 12 arrows
Jewellery
 e - a cursed ring of loudness (left paw)
 h - a cursed -3 ring of dexterity (right paw)
Wands
 d - a wand of flame (48/48)
Scrolls
 g - a scroll of teleportation
Potions
 f - a potion of invisibility {unknown}
 i - a potion of curing {unknown}
 k - a potion of brilliance {unknown}
Books
 b - a book of Changes

   Spells                             Type                      Level
   a - Beastly Appendage              Transmutation                1
   b - Sticks to Snakes               Transmutation                2
   c - Spider Form                    Transmutation/Poison         3
   d - Ice Form                       Ice/Transmutation            4
   e - Blade Hands                    Transmutation                5
Comestibles
 c - a meat ration


   Skills:
 * Level 1.1 Fighting
 + Level 2.6 Dodging
 + Level 0.0 Stealth
 * Level 3.0 Unarmed Combat
 - Level 3.2 Spellcasting
 * Level 2.9 Transmutations


You had 4 spell levels left.
You knew the following spells:

 Your Spells              Type           Power        Failure   Level  Hunger
a - Beastly Appendage     Tmut           ##....       8%          1    #......
b - Spider Form           Tmut/Pois      #.........   34%         3    ###....


Dungeon Overview and Level Annotations

Branches:
Dungeon (3/15)

Altars:
Vehumet

Annotations:
D:3 Jessica


Innate Abilities, Weirdness & Mutations

You cannot wear armour.
You are incapable of wielding weapons or throwing items.
You have sharp claws.
You have razor-sharp teeth.
You have supernaturally acute eyesight. (SInv)
You are carnivorous and can eat meat at any time.
You cover ground quickly.
You are covered in fur. (AC +1)
You have a slow metabolism.
Your sharp claws are effective at attacking unaware monsters.
You have a pair of horns on your head.


Message History

The kobold is moderately wounded.
Your horns disappear.
You scratch the kobold.
The kobold is severely wounded.
The kobold barely misses you.
Casting: Beastly Appendage
Confirm with . or Enter, or press ? or * to list all spells.
You grow a pair of large bovine horns.
The kobold closely misses you.
You closely miss the kobold.
The kobold is severely wounded.
The kobold hits you with a short sword.
* * * LOW HITPOINT WARNING * * *
You closely miss the kobold.
The kobold is severely wounded.
The kobold hits you with a short sword.
* * * LOW HITPOINT WARNING * * *
You scratch the kobold but do no damage.
The kobold is severely wounded.
The kobold hits you with a short sword.
You die...

##### ....# /...# ....#
#################....###
..........(....(@K......
....##########.##....###
###.# #+# ##### #...
#..... #...... #.#####
#.##### #...#


You could see a kobold.

Vanquished Creatures
  An adder (D:2)
  A worm (D:2)
  4 dart slugs
  2 giant geckos (D:1)
  A giant cockroach (D:2)
  6 goblins
  A hobgoblin (D:2)
  3 bats
  A giant newt (D:1)
  4 kobolds
  A rat (D:1)
25 creatures vanquished.

Notes
Turn   | Place    | Note
-------+----------+-------------------------------------------
     0 | D:1      | Huckle the Felid Transmuter began the quest for the Orb.
     0 | D:1      | Reached XP level 1. HP: 9/9 MP: 4/4
    79 | D:1      | Upgraded the game from 0.19-a0-1065-gdac414d to 0.19-a0-1068-g99dd0f4
   243 | D:1      | Reached XP level 2. HP: 12/12 MP: 4/6
  1587 | D:2      | Reached XP level 3. HP: 15/15 MP: 6/8
  1592 | D:2      | Learned a level 3 spell: Spider Form
  1615 | D:2      | Found a radiant altar of Vehumet.
  1620 | D:3      | Noticed Jessica
  1650 | D:2      | HP: 1/22 [worm (6)]
  2001 | D:2      | Slain by a kobold

Vault maps used:
D:1:      minmay_arrival_wavy_path, dk_noncrumbling_3, minivault_5
D:2:      fiery_altar_vehumet
D:3:      minitemple, gup_sewer_entry_spiral, uniq_jessica

Skill      XL: |  1  2 |
---------------+-------+-----
Spellcasting   | 3 |  3.2
Fighting       | |  1.1
Dodging        | |  2.6
Unarmed Combat | |  3.0
Transmutations | |  2.9

Action                   || total
-------------------------++-------
Melee: Unarmed           ||    78
       Bite              ||     8
       Headbutt          ||    10
 Cast: Beastly Appendage ||    17
 Abil: End Transformatio ||     1
  Use: Scroll            ||     6
       Potion            ||     1
 Stab: Sleeping          ||     1
  Eat: Chunk             ||    10
Armor: Skin              ||     3
Dodge: Dodged            ||    69
